Map: Tours du crépuscule

Players

zidar - Winner!

  • Race: Zerg Zerg
  • League: Gold
  • Spawn Location: 7:00

DrInvaders

  • Race: Zerg Zerg
  • League: Silver
  • Spawn Location: 1:00

VOD

Have the link to the VOD?

Description

Time

  • Played on: May 18, 2016, 2:58 p.m.
  • Length: 9:41
Show
View Real Time Build Order
Export as new Build Order

zidar Zerg - Winner!

Build Orders: Pool First 

Get SALT Encoding   

  12  0:01  Drone  
  13  0:12  Overlord  
  13  0:17  Drone  
  14  0:30  Drone x2  
  14  0:34  Drone  
  17  0:45  Spawning Pool  
  17  0:49  Drone  
  17  0:52  Extractor  
  17  0:55  Drone  
  17  1:22  Hatchery  
  17  1:24  Drone  
  17  1:38  Extractor  
  16  1:40  Drone  
  16  1:43  Queen  
  19  1:52  Overlord  
  19  1:55  Drone  
  20  2:19  Pneumatized Carapace  
  20  2:24  Extractor  
  19  2:34  Roach Warren  
  19  2:36  Drone x4  
  22  2:42  Queen  
  24  3:02  Drone x4  
  24  3:03  Drone  
  29  3:13  Metabolic Boost  
  29  3:23  Evolution Chamber  
  28  3:33  Zergling x12  
  34  3:57  Zerg Melee Weapons Level 1  
  34  4:00  Lair  
  34  4:41  Roach  
  34  4:42  Roach  
  34  4:43  Overlord x2  
  34  4:44  Overlord x2  
  32  5:02  Roach x6  
  32  5:04  Spine Crawler  
  43  5:07  Spine Crawler  
  42  5:21  Spire  
  42  5:24  Drone x3  
  44  5:32  Drone x2  
  46  5:40  Drone x2  
  48  6:01  Drone x2  
  50  6:09  Hatchery  
  49  6:16  Extractor  
  48  6:18  Extractor  
  48  6:23  Drone x8  
  55  6:49  Mutalisk x4  
  55  6:50  Mutalisk  
  65  7:05  Zerg Ground Armor Level 1  
  63  7:12  Infestation Pit  
  62  7:20  Mutalisk x3  
  68  7:24  Overlord  
  68  7:33  Queen  
  70  7:57  Mutalisk x4  
  78  8:08  Mutalisk  
  44  8:51  Zergling x20  
  44  8:52  Zergling x22  
Show
View Real Time Build Order
Export as new Build Order

DrInvaders Zerg 

Build Orders: Pool First 

Get SALT Encoding   

  12  0:01  Drone  
  13  0:10  Drone  
  14  0:17  Overlord  
  14  0:25  Overlord  
  14  0:35  Drone  
  14  0:37  Drone  
  16  0:46  Drone  
  17  0:55  Drone  
  18  0:59  Spawning Pool  
  17  1:06  Drone  
  18  1:17  Drone  
  19  1:28  Drone  
  20  1:37  Extractor  
  19  1:45  Queen  
  21  2:02  Zergling x2  
  21  2:03  Hatchery, Zergling x2  
  21  2:06  Drone  
  23  2:15  Zergling x2  
  24  2:21  Roach Warren  
  23  2:27  Queen  
  25  2:41  Drone x2  
  27  2:56  Overlord x3  
  27  3:02  Roach  
  29  3:11  Extractor  
  29  3:12  Overlord x2  
  28  3:28  Drone x3  
  31  3:36  Queen  
  33  3:46  Roach  
  33  3:47  Roach x4  
  43  3:53  Drone  
  44  4:08  Drone x2  
  44  4:09  Drone x3  
  49  4:26  Lair  
  49  4:28  Drone  
  49  4:29  Drone x2  
  45  4:55  Drone x4  
  48  5:04  Roach x3  
  48  5:05  Roach x4  
  59  5:25  Overseer  
  58  5:50  Overseer  
  58  5:51  Evolution Chamber  
  57  6:04  Extractor  
  56  6:05  Extractor  
  56  6:09  Drone x4  
  59  6:26  Hydralisk Den  
  59  6:32  Drone x4  
  62  6:33  Drone  
  63  6:50  Hatchery  
  62  7:11  Roach x3  
  68  7:20  Overlord x5  
  68  7:21  Overlord x3  
  68  7:34  Zerg Ground Armor Level 1  
  68  7:40  Hydralisk  
  68  7:41  Hydralisk x6  
  82  7:49  Roach x2  
  86  8:10  Hydralisk x4  
  41  8:59  Hydralisk x5  
  47  9:14  Hydralisk  
  49  9:18  Drone  
Tags
 
Add a new tag
Caveats
  • Supply blocks, unpowered buildings, or Contaminate may cause inaccurate times.
  • Supply counts are checked every 10 seconds.